 Dungeon Crawl Stone Soup version 0.28.0-43-g3370ac3207 (webtiles) character file.

Game seed: 8354828513197688259

120114 RepoMan the Warrior (level 16, -2/120 HPs)
             Began as a Tengu Berserker on Mar 2, 2022.
             Was a High Priest of Trog.
             Slain by a five-headed hydra simulacrum (15 damage)
             ... on level 4 of the Swamp.
             The game lasted 03:10:27 (31861 turns).

RepoMan the Warrior (Tengu Berserker)              Turns: 31861, Time: 03:10:28

Health: -2/120     AC: 21    Str: 19    XL:     16   Next: 81%
Magic:  1/17       EV: 18    Int: 10    God:    Trog [*****.]
Gold:   3415       SH:  6    Dex: 18    Spells: 15/15 levels left

rFire   . . .      SeeInvis .   f - +3 scimitar (flame)
rCold   . . .      Faith    .   P - +0 buckler
rNeg    . . .      Spirit   .   q - +2 swamp dragon scales
rPois   +          Reflect  .   U - +1 hat
rElec   .          Harm     .   l - +1 cloak
rCorr   +          Rampage  .   t - +1 pair of gloves {infuse}
Will    +....                   (boots unavailable)
Stlth   +.........              R - amulet of regeneration
HPRegen 1.10/turn               F - +4 ring of protection
MPRegen 0.15/turn               h - ring of resist corrosion

@: flying quickly and evasively, hasted and slowed, quick
A: beak, talons 3, nimble flight
a: Renounce Religion, Berserk, Trog's Hand, Brothers in Arms


You were on level 4 of the Swamp.
You worshipped Trog.
Trog was extremely pleased with you.
You visited 4 branches of the dungeon, and saw 27 of its levels.
You also visited: Ossuary and Volcano.

You collected 4189 gold pieces.
You spent 774 gold pieces at shops.

Inventory:

Hand Weapons
 e - the +8 long sword "Ofiraerife" {elec, Str+3 Int+2}
   (You found it on level 4 of the Dungeon)

   It occasionally discharges a powerful burst of electricity upon striking a
   foe.
   Str:       It affects your strength (+3).
   Int:       It affects your intelligence (+2).
 f - a +3 scimitar of flaming (weapon)
 w - a +3 rapier of flaming
Missiles
 c - 13 curare-tipped darts
 u - 31 poisoned darts (quivered)
Armour
 l - a +1 cloak (worn)
 q - +2 swamp dragon scales (worn)
 t - a +1 pair of gloves of infusion (worn)
 E - +0 fire dragon scales
 L - +0 ice dragon scales
 P - a +0 buckler (worn)
 U - a +1 hat (worn)
Jewellery
 h - a ring of resist corrosion (right hand)
 j - a ring of positive energy
 s - a ring of see invisible
 v - a ring of poison resistance
 F - a +4 ring of protection (left hand)
 K - a ring of positive energy
 O - a ring of protection from fire
 R - an amulet of regeneration (around neck)
 T - a ring of willpower
Wands
 a - a wand of digging (15)
 d - a wand of acid (8)
 H - a wand of flame (50)
 S - a wand of polymorph (4)
 W - a wand of iceblast (17)
Scrolls
 b - 7 scrolls of enchant weapon
 k - 3 scrolls of immolation
 m - a scroll of fog
 p - 9 scrolls of teleportation
 r - 3 scrolls of holy word
 y - 2 scrolls of vulnerability
 B - a scroll of identify
 D - a scroll of magic mapping
 G - 3 scrolls of summoning {unknown}
 I - 6 scrolls of enchant armour
 Q - 3 scrolls of blinking
 Z - a scroll of brand weapon
Potions
 g - 16 potions of curing
 i - 2 potions of might
 n - 3 potions of attraction
 o - a potion of magic
 x - 2 potions of haste
 z - 8 potions of degeneration {unknown}
 J - 2 potions of resistance
 M - a potion of cancellation
 V - 3 potions of ambrosia
 X - 2 potions of berserk rage
 Y - a potion of brilliance {unknown}
Miscellaneous
 A - a condenser vane
 C - a box of beasts


   Skills:
 * Level 20.3 Fighting
 - Level 18.0(18.2) Short Blades
 + Level 4.3(12.5) Long Blades
 - Level 8.0 Armour
 - Level 8.0 Dodging
 - Level 6.0 Shields
 - Level 8.0 Evocations


You had 15 spell levels left.
You didn't know any spells.
Your spell library was empty.

Dungeon Overview and Level Annotations

Branches:
Dungeon (15/15)            Temple (0/1) D:4            Lair (6/6) D:10
  Swamp (4/4) Lair:2        Snake (0/4) Lair:3        Slime (0/5) Lair:5
    Orc (2/2) D:10            Elf (0/3) Orc:2        Vaults (0/5) D:14
 Depths (0/4) D:15        Ossuary (visited)         Volcano (visited)

Altars:
Ashenzari
Gozag
Nemelex Xobeh
Okawaru
Xom
Yredelemnul
The Shining One
Beogh

Shops:
D:7 [   Orc:1 *([   Orc:2 *[(=

Annotations:
D:8 exclusion: ice statue
Lair:6 1 runed translucent door, crompyre's ghost, journeyman MfGl


Innate Abilities, Weirdness & Mutations

You have a beak for a mouth.
You have claws for feet.
Your magical nature lets you fly swiftly and evasively.


Message History

Unknown command.
Unknown command.
You barely miss the freezing wraith. Your kick misses the freezing wraith.
The freezing wraith is almost destroyed.
The freezing wraith misses you. The freezing wraith closely misses you.
Unknown command.
Unknown command.
You feel yourself speed up. You block the freezing wraith's attack.
The freezing wraith hits you.
Unknown command.
You closely miss the freezing wraith.
You claw the freezing wraith, but do no damage.
The freezing wraith is almost destroyed.
The freezing wraith closely misses you.
The freezing wraith hits you but does no damage.
Unknown command.
You slice the freezing wraith!! You burn the freezing wraith.
You destroy the freezing wraith!
Trog accepts your kill.
You lop one of the seven-headed hydra simulacrum's heads off!
You hit the six-headed hydra simulacrum.
You melt the six-headed hydra simulacrum.
You claw the six-headed hydra simulacrum.
You peck the six-headed hydra simulacrum.
The six-headed hydra simulacrum is moderately damaged.
You chop one of the six-headed hydra simulacrum's heads off!
You slash the five-headed hydra simulacrum!
You melt the five-headed hydra simulacrum.
You claw the five-headed hydra simulacrum.
The five-headed hydra simulacrum is almost destroyed.
The five-headed hydra simulacrum bites you!
The five-headed hydra simulacrum freezes you!!
The five-headed hydra simulacrum bites you!
The five-headed hydra simulacrum freezes you!!!
* * * LOW HITPOINT WARNING * * *
You block the five-headed hydra simulacrum's attack.
The five-headed hydra simulacrum bites you.
* * * LOW HITPOINT WARNING * * *
The five-headed hydra simulacrum freezes you!
You die...

♣....♣♣♣.♣♣♣≈≈≈♣
♣).(♣♣ ♣♣.♣≈≈≈♣
≈≈≈..♣♣ ♣♣..≈≈♣♣
≈≈≈≈.. ♣♣..≈≈♣
≈≈≈≈≈≈ ♣♣..♣♣
≈≈§≈♣. ♣♣≈≈.≈▒
≈.≈. ♣♣ ♣♣≈≈.≈♣▒
.≈..
♣≈≈≈†≈≈♣▒°▒.♣
≈≈§≈
♣♣≈≈≈.@Z°○○▒
.....≈≈.≈▒♣▒○○♣
♣♣.....≈≈▒ ▒
♣♣♣♣♣≈≈♣♣ ♣♣≈≈
♣♣♣


You could see a five-headed hydra simulacrum.

Vanquished Creatures
  Saint Roka (Orc:2)
  3 ghouls (Swamp:3)
  An ironbound preserver (D:14)
  3 eleionomae
  3 bunyips
  2 shambling mangroves
  22 hydras
  Fannar (D:11)
  3 boulder beetles
  A catoblepas (D:15)
  4 centaur warriors
  3 ice dragons
  Erolcha (D:9)
  3 ghost crabs
  4 alligators
  A death knight (D:14)
  6 two-headed ogres
  Urug (Orc:2)
  2 orc high priests
  Nergalle (Lair:4)
  Sonja (D:12)
  3 goliath frogs
  A death drake (Swamp:4)
  A lindwurm (Lair:5)
  4 bog bodies
  2 wizards (D:15)
  3 orc knights (Orc:2)
  A swamp dragon (Swamp:2)
  3 spriggan druids
  3 deep elf pyromancers
  5 ugly things (D:15)
  3 orc sorcerers
  A cyclops (shapeshifter) (D:14)
  2 manticores
  A will-o-the-wisp (Swamp:2)
  6 cyclopes
  11 elephants
  A manticore (shapeshifter) (D:15)
  7 black mambas
  16 cane toads
  A gargoyle (D:12)
  Maggie (D:6)
  5 komodo dragons
  3 kobold demonologists
  An efreet (D:14)
  A yaktaur (D:14)
  7 freezing wraiths
  7 rime drakes
  A tengu conjurer (D:13)
  A polar bear (Lair:4)
  6 trolls
  2 bloated husks (Swamp:2)
  A polar bear (shapeshifter) (D:13)
  3 meliai (D:14)
  Grinder (D:6)
  14 hornets
  12 tyrant leeches
  20 blink frogs
  4 dream sheep
  A slime creature (D:14)
  9 spriggans
  6 wyverns
  2 shadows
  A vampire (D:10)
  5 fire bats (Volcano)
  Grum (D:9)
  3 wraiths
  37 yaks
  4 basilisks
  3 swamp worm simulacra (Swamp:4)
  16 vampire mosquitoes
  5 steam dragons
  16 swamp worms
  4 nagas (Lair:3)
  Menkaure (Ossuary)
  3 wargs (D:10)
  3 acid dragons
  A hydra simulacrum (Swamp:4)
  8 water moccasins
  A swamp drake (Swamp:2)
  An ice beast (D:6)
  Duvessa (D:6)
  25 orc warriors
  3 black bears
  3 necrophages
  9 ogres
  A boggart (D:14)
  8 wolves
  9 centaurs
  A phantom (D:5)
  3 kobold brigands
  A gnoll sergeant (D:9)
  22 bullfrogs
  A water moccasin zombie (D:6)
  3 water moccasin skeletons
  Dowan (D:6)
  12 killer bees (D:8)
  3 wights (D:8)
  2 electric eels
  4 howler monkeys
  6 lava snakes (Volcano)
  3 centaur zombies
  A hound (D:7)
  2 jellies
  2 centaur skeletons
  14 orc priests
  Crazy Yiuf (D:2)
  An iguana (D:7)
  27 orc wizards
  5 hell rats
  A hound zombie (D:5)
  3 mummies (Ossuary)
  7 gnolls
  7 adders
  2 shadow imps
  3 white imps (Lair:6)
  4 swamp drake simulacra (Swamp:4)
  2 ufetubi
  3 worms
  2 dart slugs (D:2)
  72 orcs
  7 bats
  10 endoplasms
  A giant cockroach (D:3)
  7 gnoll zombies (Ossuary)
  5 goblins
  8 hobgoblins
  5 jackals
  12 kobolds
  A quokka (D:2)
  9 ball pythons
  2 frilled lizards (D:3)
  2 gnoll skeletons (Ossuary)
  8 goblin skeletons (Ossuary)
  2 goblin zombies (Ossuary)
  5 hobgoblin zombies (Ossuary)
  A kobold skeleton (Ossuary)
  5 kobold zombies (Ossuary)
  11 orc skeletons (Ossuary)
  3 orc zombies (Ossuary)
  10 rats
  3 rat skeletons (Ossuary)
  3 rat zombies (Ossuary)
763 creatures vanquished.

Vanquished Creatures (others)
  An eleionoma (Swamp:3)
  2 will-o-the-wisps (Swamp:4)
  6 foxfires (Swamp:2)
  33 fungi
  100 plants
142 creatures vanquished.

Grand Total: 905 creatures vanquished

Notes
Turn   | Place    | Note
-------+----------+-------------------------------------------
     0 | D:1      | RepoMan the Tengu Berserker began the quest for the Orb.
     0 | D:1      | Reached XP level 1. HP: 14/14 MP: 2/2
   505 | D:1      | Reached XP level 2. HP: 16/19 MP: 3/3
  1198 | D:2      | Found a runed translucent door.
  1199 | D:2      | Noticed Crazy Yiuf
  1206 | D:2      | Killed Crazy Yiuf
  1207 | D:2      | Reached XP level 3. HP: 23/23 MP: 4/4
  1422 | D:2      | Reached XP level 4. HP: 28/28 MP: 5/5
  1901 | D:2      | Reached skill level 5 in Short Blades
  1902 | D:2      | Reached ** piety under Trog
  2167 | D:3      | Noticed a necrophage
  2173 | D:3      | Killed a necrophage
  2174 | D:3      | Reached skill level 4 in Fighting
  2174 | D:3      | Gained mutation: Your magical nature lets you fly swiftly
                  | and evasively. [Tengu growth]
  2174 | D:3      | Reached XP level 5. HP: 33/33 MP: 6/6
  2315 | D:3      | Reached XP level 6. HP: 39/39 MP: 7/7
  2812 | D:4      | Found a staircase to the Ecumenical Temple.
  2952 | D:4      | Found a sand-covered staircase.
  2957 | Ossuary  | Entered an ossuary
  3082 | Ossuary  | Reached *** piety under Trog
  3391 | Ossuary  | Noticed Menkaure
  3498 | Ossuary  | Killed Menkaure
  3499 | Ossuary  | Reached skill level 5 in Fighting
  3499 | Ossuary  | Reached XP level 7. HP: 44/44 MP: 8/8
  3783 | D:4      | Found a shimmering altar of Xom.
  3784 | D:4      | Found a shimmering altar of Xom.
  3785 | D:4      | Found a shimmering altar of Xom.
  3786 | D:4      | Found a shimmering altar of Xom.
  4291 | D:4      | Reached **** piety under Trog
  4586 | D:4      | Identified the +8 long sword "Ofiraerife" {elec, Str+3
                  | Int+2}
  4721 | D:5      | Entered Level 5 of the Dungeon
  4732 | D:5      | Identified the +8 plate armour of Hant {*Slow +Blink rF++
                  | rC+}
  4802 | D:5      | Found Kerreemo's Antique Armour Boutique.
  5080 | D:5      | Reached XP level 8. HP: 41/51 MP: 9/9
  5164 | D:5      | Noticed a hornet
  5171 | D:5      | Killed a hornet
  5172 | D:5      | Reached skill level 6 in Fighting
  5765 | D:6      | Noticed Dowan
  5766 | D:6      | Noticed Duvessa
  5770 | D:6      | Killed Dowan
  5772 | D:6      | Killed Duvessa
  6004 | D:6      | Reached skill level 10 in Short Blades
  6143 | D:6      | Noticed Grinder
  6143 | D:6      | Noticed Maggie
  6160 | D:6      | Killed Maggie
  6161 | D:6      | Reached skill level 7 in Fighting
  6161 | D:6      | Reached XP level 9. HP: 57/57 MP: 10/10
  6169 | D:6      | Killed Grinder
  6984 | D:7      | Noticed a hornet
  6989 | D:7      | Paralysed by a hornet for 3 turns
  6993 | D:7      | Killed a hornet
  6994 | D:7      | Reached skill level 8 in Fighting
  7226 | D:7      | Identified the +2 chain mail "Uvaxzi" {rF+ Dex+3}
  7289 | D:7      | Found Garshasp's Dragon-Slaying Spoils.
  7515 | D:8      | Noticed an ice devil
  7516 | D:8      | Noticed an ice devil
  7517 | D:8      | Noticed an ice devil
  7521 | D:8      | Noticed an ice statue
  7521 | D:8      | Noticed an ice devil
  7521 | D:8      | Noticed an ice devil
  7561 | D:8      | Reached XP level 10. HP: 64/65 MP: 11/11
  8238 | D:8      | Found a glowing golden altar of the Shining One.
  8338 | D:8      | Reached skill level 9 in Fighting
  8976 | D:9      | Noticed Erolcha
  8983 | D:9      | Killed Erolcha
  9557 | D:9      | Found an opulent altar of Gozag.
  9627 | D:9      | Found a broken altar of Ashenzari.
  9882 | D:9      | Noticed Grum
  9894 | D:9      | Killed Grum
  9906 | D:9      | Reached skill level 10 in Fighting
  9906 | D:9      | Reached skill level 1 in Evocations
 10341 | D:10     | Entered Level 10 of the Dungeon
 10409 | D:10     | Reached XP level 11. HP: 72/72 MP: 12/12
 10529 | D:10     | Found a staircase to the Orcish Mines.
 10836 | D:10     | Found a staircase to the Lair.
 11311 | Lair:1   | Entered Level 1 of the Lair of Beasts
 11366 | Lair:1   | Reached skill level 11 in Fighting
 11419 | Lair:1   | Found a dark tunnel.
 11419 | Lair:1   | Noticed a seven-headed hydra
 11427 | Lair:1   | Killed a seven-headed hydra
 11468 | Volcano  | Entered a volcano
 11623 | Volcano  | Reached skill level 5 in Dodging
 11652 | Volcano  | Reached skill level 5 in Armour
 11798 | Volcano  | Noticed a two-headed ogre
 11798 | Volcano  | Noticed a hell knight
 11802 | Volcano  | Killed a two-headed ogre
 11830 | Volcano  | Noticed a two-headed ogre
 11830 | Volcano  | Noticed a two-headed ogre
 11850 | Volcano  | Killed a two-headed ogre
 11851 | Volcano  | Reached XP level 12. HP: 27/80 MP: 13/13
 12687 | Lair:1   | Reached skill level 12 in Fighting
 13317 | Lair:2   | Reached skill level 1 in Shields
 13325 | Lair:2   | Noticed a five-headed hydra
 13332 | Lair:2   | Killed a five-headed hydra
 13369 | Lair:2   | Noticed a four-headed hydra
 13383 | Lair:2   | Killed a four-headed hydra
 13554 | Lair:2   | Found a staircase to the Swamp.
 13725 | Lair:2   | Identified 2 scrolls of acquirement
 13728 | Lair:2   | Acquired 798 gold pieces
 13730 | Lair:2   | Acquired 870 gold pieces
 13893 | D:7      | Bought +2 swamp dragon scales for 682 gold pieces
 14508 | Lair:3   | Found a staircase to the Snake Pit.
 14669 | Lair:3   | Reached skill level 13 in Fighting
 15680 | Lair:4   | Noticed a seven-headed hydra
 15696 | Lair:4   | Killed a seven-headed hydra
 15697 | Lair:4   | Reached XP level 13. HP: 70/89 MP: 9/14
 15699 | Lair:4   | Reached skill level 15 in Short Blades
 15902 | Lair:4   | Reached skill level 14 in Fighting
 16532 | Lair:4   | Noticed Nergalle
 16552 | Lair:4   | Killed Nergalle
 17156 | Lair:5   | Found an iron altar of Okawaru.
 17296 | Lair:5   | Reached skill level 15 in Fighting
 17571 | Lair:5   | Found a staircase to the Slime Pits.
 18716 | Lair:6   | Entered Level 6 of the Lair of Beasts
 19086 | Lair:6   | Reached skill level 16 in Fighting
 19203 | Lair:6   | Reached XP level 14. HP: 99/100 MP: 7/15
 19541 | Lair:6   | Found a runed translucent door.
 19541 | Lair:6   | Noticed crompyre's ghost (journeyman MfGl)
 20244 | Lair:6   | Reached skill level 17 in Fighting
 20736 | Lair:6   | Reached skill level 5 in Evocations
 21275 | Orc:1    | Entered Level 1 of the Orcish Mines
 21292 | Orc:1    | Found Qeig's General Store.
 21308 | Orc:1    | Bought a scroll of fog for 22 gold pieces
 21308 | Orc:1    | Bought a scroll of identify for 22 gold pieces
 21308 | Orc:1    | Bought a scroll of identify for 22 gold pieces
 21415 | Orc:2    | Entered Level 2 of the Orcish Mines
 21555 | Orc:2    | Found a staircase to the Elven Halls.
 21653 | Orc:1    | Found Pinwa Osch's Antique Weapon Emporium.
 22132 | Orc:1    | Found Usaremm's Armour Shoppe.
 22791 | Orc:2    | Noticed Saint Roka
 22810 | Orc:2    | Killed Saint Roka
 22933 | Orc:2    | Noticed Urug
 22950 | Orc:2    | Killed Urug
 23007 | Orc:2    | Reached skill level 5 in Shields
 23034 | Orc:2    | Reached ***** piety under Trog
 23040 | Orc:2    | Found Mivanan's General Store.
 23118 | Orc:2    | Bought a scroll of identify for 26 gold pieces
 23137 | Orc:2    | Found Orycuraf's Antique Armour Emporium.
 23154 | Orc:2    | Found Emymokheo's Jewellery Emporium.
 23170 | Orc:2    | Found Aryb Voc's Antique Weapon Emporium.
 23733 | D:11     | Noticed Fannar
 23741 | D:11     | Killed Fannar
 23742 | D:11     | Reached XP level 15. HP: 107/107 MP: 11/16
 24043 | D:11     | Identified the +3 leather armour "Iqangebo" {rElec rCorr
                  | Int+4 Dex-4}
 24639 | D:12     | Noticed Sonja
 24667 | D:12     | Killed Sonja
 25468 | D:13     | You are sucked into a shaft and drop 2 floors!
 25468 | D:15     | Entered Level 15 of the Dungeon
 25771 | D:13     | Reached skill level 18 in Fighting
 26731 | D:14     | Found a gate to the Vaults.
 27427 | D:14     | Found a sparkling altar of Nemelex Xobeh.
 28604 | D:15     | Found a staircase to the Depths.
 28997 | Swamp:1  | Entered Level 1 of the Swamp
 29306 | Swamp:1  | Found a basalt altar of Yredelemnul.
 29399 | Swamp:1  | Reached XP level 16. HP: 116/116 MP: 13/17
 29794 | Swamp:2  | Reached skill level 19 in Fighting
 30986 | Swamp:3  | Reached skill level 1 in Long Blades
 31444 | Swamp:4  | Entered Level 4 of the Swamp
 31474 | Swamp:4  | Reached skill level 20 in Fighting
 31852 | Swamp:4  | Received a gift from Trog
 31861 | Swamp:4  | Slain by a five-headed hydra simulacrum

Illustrated notes

Levels and vault maps discovered:
D:1:      dpeg_arrival_tiny_d, layout_loops_corners, minmay_pentomino_t2
D:2:      layout_basic, kennysheep_potato, uniq_crazy_yiuf_cottage
D:3:      layout_basic, minmay_increasing_density
D:4:      layout_basic, xom_redecorated, minmay_temple_entry_mini_moons,
          enter_ossuary_2
D:5:      layout_gridville, serial_shops, nicolae_shop_advertising_works
          [nicolae_subvault_shop_adworks], chequers_mini_garden
D:6:      layout_loops_ring, chequers_serial_rivers_small_3, uniq_duvessa,
          uniq_grinder, uniq_maggie
D:7:      layout_rooms, nicolae_shop_dragon_depot, serial_park_tiny_pond,
          grunt_ministairs_3, minivault_5
D:8:      cheibrodos_frozen_isle, layout_basic, nicolae_tso_carved_into_rock,
          grunt_decor_cap
D:9:      layout_basic, mainiacjoe_overflow_catch_the_wave,
          roderic_roman_lattice, uniq_grum, uniq_erolcha
D:10:     layout_rooms, lair_entry_dummy, minmay_orc_entry_guard_dogs,
          minmay_fractal_squares_gapless_5
D:11:     layout_gridville, small_chamber_with_monster, the_hattery, uniq_fannar
D:12:     layout_cave_pods, corexii_hall_statues_u, uniq_sonja
D:13:     layout_rooms, serial_glass, glass_columns_a, glass_columns_c
D:14:     layout_roguey, skrybe_vaults_entry_preservation,
          nemelex_spade_bored_becter, kennysheep_another_room,
          kennysheep_minor_cross, patterned_corridor
D:15:     grunt_enter_depths_hoard, layout_long_grid,
          roderic_lattice_octagonal_star, serial_bayou_crossing
Lair:1:   layout_hall_layers, nicolae_volcano_entry_two_sided, st_stairs_6,
          grunt_megastairs_2
Lair:2:   layout_cave_shapes, skrybe_swamp_entry_bodies, lemuel_fruit_fields,
          lemuel_fruit_tree
Lair:3:   layout_loops_ring, minmay_snake_entry_guardpost_small,
          lemuel_fruit_fields
Lair:4:   layout_regular_city, grunt_forest_small_clearing_treed, uniq_nergalle
Lair:5:   layout_hall_layers, nicolae_slime_entry_slimehenge, basic_altar,
          infiniplex_staircase_pool_2, grunt_megastairs_3
Lair:6:   minmay_lair_end_frog_pond, layout_loops_ring,
          hellmonk_ghost_happy_afterlife, bobbens_ice_dragon_lair
Swamp:1:  nicolae_swamp_long_stream, layout_basic_swamp, lemuel_altar_in_water2,
          swamp_pool1, hangedman_swamp_blocks
Swamp:2:  layout_basic_swamp, evilmike_swamp_ruin_house_2,
          infiniplex_staircase_pool
Swamp:3:  layout_basic_swamp, evilmike_swamp_ruin_house_4, swamp_pool1,
          nicolae_swamp_trees_clearing
Swamp:4:  swamp_icy, layout_basic_swamp, swamp_pool5, nicolae_swamp_baby_hydras
Orc:1:    layout_diamond_mine, serial_shops, nicolae_shop_statue_plus,
          nicolae_shop_stone, nicolae_shop_statue_plus
Orc:2:    grunt_orc_cross, layout_caves

Skill      XL: |  1  2  3  4  5  6  7  8  9 10 11 12 13 14 15 16 |
---------------+-------------------------------------------------+-----
Short Blades   | 4 5 6 7 8 10 12 14 16 17 18 | 18.0
Fighting       | 4 5 7 8 10 11 13 16 17 18 20 | 20.3
Evocations     | 1 4 5 7 8 |  8.0
Armour         | 3 5 6 7 8 |  8.0
Dodging        | 3 5 6 7 8 |  8.0
Shields        | 4 5 6 |  6.0
Long Blades    | 4 |  4.3

Action                   |  1- 3 |  4- 6 |  7- 9 | 10-12 | 13-15 | 16-18 || total
-------------------------+-------+-------+-------+-------+-------+-------++-------
Melee: Short sword       |    59 |    24 |       |       |    70 |       ||   153
       Kick              |    12 |    42 |    52 |   180 |   476 |   128 ||   890
       Peck              |     3 |    24 |    29 |   112 |   274 |    76 ||   518
       Rapier            |       |   147 |   195 |   459 |   713 |    54 ||  1568
       Punch             |       |     1 |     1 |     7 |       |       ||     9
       Long sword        |       |       |       |    42 |   316 |   192 ||   550
       Dagger            |       |       |       |       |    63 |       ||    63
       Scimitar          |       |       |       |       |     8 |    61 ||    69
Throw: Stone             |     1 |     1 |     1 |       |       |       ||     3
       Dart              |       |     1 |     7 |       |    23 |       ||    31
       Throwing net      |       |       |       |       |     1 |       ||     1
Invok: Berserk           |     2 |     4 |    11 |    15 |    32 |     8 ||    72
       Trog's Hand       |       |     3 |     4 |     3 |    24 |     2 ||    36
       Brothers in Arms  |       |       |       |       |     1 |       ||     1
Evoke: Wand              |       |       |     1 |    12 |    25 |     6 ||    44
       Box of beasts     |       |       |       |       |     2 |       ||     2
  Use: Scroll            |       |     8 |     1 |    10 |    14 |     2 ||    35
       Potion            |       |       |       |       |    10 |     2 ||    12
 Stab: Sleeping          |     2 |     1 |       |       |       |       ||     3
       Held in net/web   |       |       |       |       |     2 |       ||     2
       Distracted        |       |       |       |       |     1 |       ||     1
Armor: Leather armour    |    15 |     9 |     5 |       |       |       ||    29
       Ring mail         |       |    12 |    19 |       |       |       ||    31
       Chain mail        |       |       |     7 |    97 |       |       ||   104
       Swamp dragon scal |       |       |       |    11 |   210 |    90 ||   311
Dodge: Dodged            |    21 |    45 |    73 |   153 |   474 |   123 ||   889
Block: Buckler           |       |       |       |    23 |   180 |    56 ||   259
